 Dungeon Sprint DCSS version 0.30-a0-222-ge547ba4400 (webtiles) character file.

Game seed: 5500449620575947356

4232 tbh1313 the Shatterer (level 10, -7/88 HPs)
             Began as a Troll Berserker on Oct 9, 2022.
             Was a High Priest of Trog.
             Mangled by a demonic crawler (8 damage)
             ... in the Dungeon (Sprint I: "Red Sonja").
             The game lasted 00:04:12 (532 turns).

tbh1313 the Shatterer (Troll Berserker)              Turns: 532, Time: 00:04:12

Health: -7/88      AC:  6    Str: 27    XL:     10   Next: 9%
Magic:  9/9        EV: 10    Int:  7    God:    Trog [*****.]
Gold:   662        SH:  0    Dex:  9    Spells: 9/9 levels left

rFire   + . .      SeeInvis .    j - +0 giant spiked club
rCold   . . .      Faith    .    (shield currently unavailable)
rNeg    . . .      Spirit   .    o - +2 robe {rF+}
rPois   .          Reflect  .    (helmet restricted)
rElec   .          Harm     .    (no cloak)
rCorr   .          Rampage  .    (gloves unavailable)
Will    .....      NoTele   +    (boots unavailable)
Stlth   +.........               (no amulet)
HPRegen 1.14/turn                (no ring)
MPRegen 0.11/turn                (no ring)

@: weak-willed, on berserk cooldown, slowed, very slow
A: large, unfitting armour, claws 3, regeneration 1, shaggy fur 1, tough skin 1
a: Renounce Religion, Berserk, Trog's Hand, Brothers in Arms


You were in the Dungeon.
You worshipped Trog.
Trog was extremely pleased with you.
You visited 1 branch You collected 874 gold pieces.
You spent 212 gold pieces at shops.

Inventory:

Hand Weapons
 j - a +0 giant spiked club (weapon)
Missiles
 l - 3 curare-tipped darts (quivered)
Armour
 o - a +2 robe of fire resistance (worn)
Wands
 h - a wand of quicksilver (4)
 i - a wand of paralysis (2)
 m - a wand of flame (19)
Scrolls
 b - a scroll of poison {unknown}
 k - a scroll of identify {unknown}
Potions
 a - a potion of cancellation {unknown}
 c - 3 potions of curing
 e - a potion of haste
 f - 2 potions of magic
 g - a potion of berserk rage


   Skills:
 - Level 2.4 Fighting
 + Level 21.2 Maces & Flails
 - Level 2.4 Dodging


You had 9 spell levels left.
You didn't know any spells.
Your spell library was empty.

Dungeon Overview and Level Annotations

Branches:
Dungeon (1/1)

Altars:
Cheibriados
Dithmenos
Elyvilon
Fedhas
Gozag
Hepliaklqana
Kikubaaqudgha
Makhleb
Nemelex Xobeh
Okawaru
Qazlal
Ru
Sif Muna
Trog
Uskayaw
Vehumet
Wu Jian
Xom
Yredelemnul
Zin
The Shining One
Jiyva
Lugonu

Shops:
D ::[


Innate Abilities, Weirdness & Mutations

You are too large for most types of armour.
You have claws for hands.
Your natural rate of healing is unusually fast.
You are covered in fur. (AC +1)
You have tough skin. (AC +1)


Message History

The demonic crawler hits you but does no damage.
The demonic crawler barely misses you.
The demonic crawler attacks as you move away!
The demonic crawler hits you.
* * * LOW HITPOINT WARNING * * *
The demonic crawler hits you.
* * * LOW HITPOINT WARNING * * *
The demonic crawler hits you.
* * * LOW HITPOINT WARNING * * *
The demonic crawler shrieks in warning!
You hear an angry buzzing noise.
You see here a demonic crawler corpse.
What are your orders? t - Shout!
Orders for allies: a - Attack new target. r - Retreat! s - Stop attacking. g - Guard the area. f - Follow me.
Anything else - Cancel.
Okay, then.
Okay, then.
You feel much better.
The demonic crawler shrieks in warning! x2
You hear an angry buzzing noise.
The demonic crawler attacks as you move away!
The demonic crawler hits you!
* * * LOW HITPOINT WARNING * * *
The demonic crawler hits you.
* * * LOW HITPOINT WARNING * * *
The demonic crawler hits you.
* * * LOW HITPOINT WARNING * * *
The demonic crawler hits you.
* * * LOW HITPOINT WARNING * * *
The demonic crawler barely misses you. x2
As you read the scroll labelled GEHAHY KATATZ, it crumbles to dust.
Magic quickly surges around you.
It was a scroll of vulnerability.
The demonic crawler closely misses you. The demonic crawler barely misses you.
The demonic crawler hits you!
* * * LOW HITPOINT WARNING * * *
The demonic crawler hits you!
You die...

###################
..#..'..#__#..).@.#
..').#..'..'.)#.9s##+#
#'#####'#__####...'..#
..#...#.####.§#####..+
###..##.#§§§§§# ○##
__##'#_§§§§§§§+ .°
...'..._#§§~.)# .°○
__##_.#'##+#### #..○
__###'#.#(...### .°°#


You could see a demonic crawler (catching breath, weak-willed) and a gargoyle
(weak-willed).

Levels and vault maps discovered:
D:        dungeon_sprint_1 [red_sonja_temple_1, red_sonja_temple_small_1]

Notes
Turn   | Place    | Note
-------+----------+-------------------------------------------
     0 | D        | tbh1313 the Troll Berserker began the quest for the Orb.
     0 | D        | Reached XP level 1. HP: 22/22 MP: 0/0
     1 | D        | Noticed Ijyb
     1 | D        | Paralysed by Ijyb for 2 turns
    12 | D        | Killed Ijyb
    13 | D        | Reached skill level 5 in Maces & Flails
    13 | D        | Reached XP level 2. HP: 29/29 MP: 1/1
    63 | D        | Noticed an ogre
    69 | D        | Killed an ogre
    70 | D        | Reached skill level 8 in Maces & Flails
    70 | D        | Reached XP level 3. HP: 35/36 MP: 2/2
    70 | D        | Reached XP level 4. HP: 43/44 MP: 3/3
    93 | D        | Noticed Sigmund
    97 | D        | Killed Sigmund
    97 | D        | Reached ** piety under Trog
    98 | D        | Reached skill level 11 in Maces & Flails
    98 | D        | Reached XP level 5. HP: 50/50 MP: 4/4
   110 | D        | Found an ornate altar of the Wu Jian Council.
   110 | D        | Found a shimmering blue altar of Sif Muna.
   112 | D        | Found a radiant altar of Vehumet.
   115 | D        | Reached XP level 6. HP: 59/59 MP: 5/5
   144 | D        | Found Woigan's Book Emporium.
   144 | D        | Found an ancient bone altar of Kikubaaqudgha.
   144 | D        | Found a hazy altar of Hepliaklqana.
   144 | D        | Found a stormy altar of Qazlal.
   144 | D        | Found a hide-covered altar of Uskayaw.
   144 | D        | Found a blossoming altar of Fedhas.
   144 | D        | Found a bloodstained altar of Trog.
   144 | D        | Found an iron altar of Okawaru.
   144 | D        | Found a basalt altar of Yredelemnul.
   144 | D        | Found a glowing golden altar of the Shining One.
   144 | D        | Found a snail-covered altar of Cheibriados.
   144 | D        | Found a sacrificial altar of Ru.
   144 | D        | Found a glowing silver altar of Zin.
   144 | D        | Found a shadowy altar of Dithmenos.
   144 | D        | Found a white marble altar of Elyvilon.
   144 | D        | Noticed a yak
   148 | D        | Killed a yak
   149 | D        | Reached skill level 13 in Maces & Flails
   149 | D        | Found an opulent altar of Gozag.
   150 | D        | Found a sparkling altar of Nemelex Xobeh.
   165 | D        | Noticed Sonja
   172 | D        | Killed Sonja
   172 | D        | Reached *** piety under Trog
   173 | D        | Reached skill level 15 in Maces & Flails
   173 | D        | Reached XP level 7. HP: 66/66 MP: 6/6
   188 | D        | Found Ubbedyij's Book Boutique.
   216 | D        | Found a viscous altar of Jiyva.
   216 | D        | Found a corrupted altar of Lugonu.
   216 | D        | Noticed a slime creature
   217 | D        | Found a burning altar of Makhleb.
   217 | D        | Found a shimmering altar of Xom.
   222 | D        | Killed a slime creature
   223 | D        | Reached skill level 16 in Maces & Flails
   223 | D        | Reached XP level 8. HP: 42/74 MP: 7/7
   264 | D        | Noticed a kobold demonologist
   264 | D        | Noticed a kobold demonologist
   271 | D        | Killed a kobold demonologist
   272 | D        | Reached skill level 17 in Maces & Flails
   274 | D        | Killed a kobold demonologist
   274 | D        | Reached **** piety under Trog
   329 | D        | Noticed a centaur warrior
   330 | D        | Noticed a centaur warrior
   334 | D        | Killed a centaur warrior
   335 | D        | Reached skill level 19 in Maces & Flails
   335 | D        | Reached XP level 9. HP: 58/80 MP: 8/8
   341 | D        | Killed a centaur warrior
   400 | D        | Noticed a deep troll
   405 | D        | Killed a deep troll
   405 | D        | Reached ***** piety under Trog
   406 | D        | Reached skill level 20 in Maces & Flails
   432 | D        | Found Plog's Armour Emporium.
   439 | D        | Bought a +2 robe of fire resistance for 212 gold pieces
   510 | D        | Noticed a demonic crawler
   510 | D        | Noticed a demonic crawler
   510 | D        | Noticed a demonic crawler
   510 | D        | Noticed a demonic crawler
   515 | D        | Killed a demonic crawler
   516 | D        | Killed a demonic crawler
   517 | D        | Reached XP level 10. HP: 88/88 MP: 9/9
   519 | D        | Reached skill level 21 in Maces & Flails
   519 | D        | Noticed a gargoyle
   529 | D        | HP: 8/88 [demonic crawler (2)]
   532 | D        | HP: 1/88 [demonic crawler (10)]
   532 | D        | Mangled by a demonic crawler

Table legend: (Time is in decaauts)
 A = Elapsed time spent in this place.
 B = Non-inter-level travel time spent in this place.
 C = Inter-level travel time spent in this place.
 D = Time resting spent in this place.
 E = Time spent auto-exploring this place.
 F = Levels seen in this place.
 G = Mean time per level.
                   A        B        C        D        E       F      G
               +--------+--------+--------+--------+--------+-----+--------+
         Total |    574 |    574 |      0 |    193 |     38 |   1 |  574.0 |
       Dungeon |    574 |    574 |      0 |    193 |     38 |   1 |  574.0 |
               +--------+--------+--------+--------+--------+-----+--------+

Top non-repeatable levels by time:
       D: 574 daAuts

Table legend:
 A = Kills in this place as a percentage of kills in entire the game.
 B = Kills by you in this place as a percentage of kills by you in the entire game.
 C = Kills by friends in this place as a percentage of kills by friends in the entire game.
 D = Other kills in this place as a percentage of other kills in the entire game.
 E = Experience gained in this place as a percentage of experience gained in the entire game.
 F = Experience gained in this place divided by the number of levels of this place that you have seen.
                   A       B       C       D       E      F
               +-------+-------+-------+-------+-------+----------------------
         Total | 100.0 | 100.0 | 100.0 |   N/A | 100.0 | 6046.0
       Dungeon | 100.0 | 100.0 | 100.0 |   N/A | 100.0 | 6046.0
               +-------+-------+-------+-------+-------+----------------------

Action                   |  1- 3 |  4- 6 |  7- 9 | 10-12 || total
-------------------------+-------+-------+-------+-------++-------
Melee: Mace              |    11 |       |       |       ||    11
       Giant spiked club |       |     9 |    30 |     7 ||    46
Invok: Berserk           |     2 |     1 |     3 |       ||     6
       Brothers in Arms  |       |       |     1 |       ||     1
Evoke: Wand              |       |     2 |     1 |       ||     3
  Use: Scroll            |       |       |     1 |     1 ||     2
       Potion            |       |       |       |     1 ||     1
 Stab: Paralysed         |       |     2 |     2 |       ||     4
Armor: Animal skin       |     1 |       |     8 |       ||     9
       Robe              |       |       |     4 |    10 ||    14
Dodge: Dodged            |     1 |       |    12 |    11 ||    24

Vanquished Creatures
  2 centaur warriors (D)
  Sonja (D)
  A deep troll (D)
  2 kobold demonologists (D)
  2 demonic crawlers (D)
  A slime creature (D)
  Sigmund (D)
  A yak (D)
  A floating eye (D)
  An ogre (D)
  A jelly (D)
  Ijyb (D)
15 creatures vanquished.

Vanquished Creatures (collateral kills)
  A demonic crawler (D)
1 creature vanquished.

Vanquished Creatures (others)
  2 ballistomycete spores (D)
2 creatures vanquished.

Grand Total: 18 creatures vanquished
